 Dungeon Crawl Stone Soup version 0.28-a0-580-ga2639ab843 (webtiles) character file.

Game seed: 5667167381159880891

42 jasper the Skirmisher (level 3, -1/30 HPs)
             Began as a Demonspawn Cinder Acolyte on Oct 3, 2021.
             Was an Elder of Ignis.
             Succumbed to an adder's poison
             ... on level 3 of the Dungeon.
             The game lasted 00:00:58 (509 turns).

jasper the Skirmisher (Demonspawn Cinder Acolyte)    Turns: 509, Time: 00:00:58

Health: -1/30      AC:  3    Str: 15    XL:     3   Next: 33%
Magic:  4/4        EV: 11    Int: 15    God:    Ignis [****..]
Gold:   0          SH:  0    Dex:  8    Spells: 4/4 levels left

rFire   + . .      SeeInvis .   a - -1 falchion (flame)
rCold   . . .      Faith    .   (no shield)
rNeg    . . .      Spirit   .   c - +0 leather armour
rPois   .          Reflect  .   (no helmet)
rElec   .          Harm     .   (no cloak)
rCorr   .          Rampage  .   (no gloves)
Will    .....                   (no boots)
Stlth   +.........              (no amulet)
HPRegen 0.10/turn               (no ring)
MPRegen 0.09/turn               (no ring)

@: lethally poisoned (-1 -> -11), flying
A: foul stench 1
a: Renounce Religion, Sea of Fire, Foxfire Swarm, Rising Flame


You were on level 3 of the Dungeon.
You worshipped Ignis.
Ignis was greatly pleased with you.
You visited 1 branch of the dungeon, and saw 3 of its levels.

Inventory:

Hand Weapons
 a - a -1 falchion of flaming (weapon)
Missiles
 e - 18 stones (quivered)
 h - 2 poisoned darts
Armour
 b - a +0 robe
 c - a +0 leather armour (worn)
Scrolls
 f - a scroll of identify {unknown}
Potions
 d - a potion of flight
 g - a potion of curing {unknown}


   Skills:
 + Level 3.8 Fighting
 + Level 3.4 Long Blades
 - Level 1.0 Spellcasting
 - Level 2.6 Fire Magic


You had 4 spell levels left.
You didn't know any spells.
Your spell library contained the following spells:

 Spells                   Type           Power      Damage    Failure   Level
 Scorch                   Fire           16%        2d5       16%         2


Dungeon Overview and Level Annotations

Branches:
Dungeon (3/15)

Altars:


Innate Abilities, Weirdness & Mutations

You may rarely emit foul miasma when damaged in melee.


Message History

The adder is moderately wounded.
You feel sick.
You are no longer poisoned.
The adder bites you but does no damage.
You take 1 damage, and have 23/30 hp.
You hit the adder but do no damage.
The adder is moderately wounded.
The adder bites you.
You are poisoned.
The adder poisons you!
You take 2 damage, and have 21/30 hp.
You barely miss the adder.
The adder is moderately wounded.
You feel sick. The adder bites you. x2
You are more poisoned.
The adder poisons you!
You take 7 damage, and have 14/30 hp.
MASSIVE DAMAGE!!
You miss the adder.
The adder is moderately wounded.
You feel sick. The adder barely misses you.
You take 2 damage, and have 12/30 hp.
You hit the adder. You burn the adder.
The adder is severely wounded.
You feel sick. The adder barely misses you. The adder bites you.
* * * LOW HITPOINT WARNING * * *
You are lethally poisoned!
The adder poisons you!
You take 5 damage, and have 7/30 hp.
You closely miss the adder.
The adder is severely wounded.
* * * LOW HITPOINT WARNING * * *
You feel very sick. The adder bites you.
* * * LOW HITPOINT WARNING * * *
You take 6 damage, and have 1/30 hp.
Okay, then.
It was a potion of flight.
You feel very buoyant.
You fly up into the air.
You die...

#.#### ###.#..#
#..$...# #.#.#..#
#.#....# #.#....#
#####?#S.#.#
#.###...#.#@..###
#.......#.......#
##########...#.#.#.#.#
....# ####...#.....# #
###.# #......##..### #
#.# #.##.......# # #)#
#.##.#####.# # #.#
#.##.. ..# # #.#
#.##### ##


You could see an adder.

Vanquished Creatures
  2 adders
  2 worms (D:2)
  A dart slug (D:2)
  A giant cockroach (D:3)
  2 goblins
  4 jackals (D:1)
  A kobold (D:3)
  A bat (D:2)
  2 rats
16 creatures vanquished.

Vanquished Creatures (others)
  35 foxfires
35 creatures vanquished.

Grand Total: 51 creatures vanquished

Notes
Turn   | Place    | Note
-------+----------+-------------------------------------------
     0 | D:1      | jasper the Demonspawn Cinder Acolyte began the quest for
                  | the Orb.
     0 | D:1      | Reached XP level 1. HP: 18/18 MP: 2/2
    74 | D:2      | Gained mutation: You may rarely emit foul miasma when
                  | damaged in melee. [demonic ancestry]
    74 | D:2      | Reached XP level 2. HP: 23/24 MP: 3/3
   354 | D:2      | Reached XP level 3. HP: 26/29 MP: 4/4
   508 | D:3      | HP: 1/30 [adder (3)]
   509 | D:3      | Succumbed to an adder's poison

Illustrated notes

Levels and vault maps discovered:
D:1:      minmay_arrival_nine_rooms, layout_loops_ring, minivault_23,
          chequers_serial_rivers_large_a, minmay_tetromino_l4
D:2:      layout_rooms, ebering_ecumenical_altar_ruins, st_stairs_5
D:3:      layout_basic, portal_sewer_entry_f

Skill      XL: |  1 |
---------------+----+-----
Long Blades    | 3 |  3.4
Fighting       | |  3.8
Spellcasting   | |  1.0
Fire Magic     | |  2.6

Action                   || total
-------------------------++-------
Melee: Falchion          ||    42
Invok: Foxfire Swarm     ||     3
  Use: Potion            ||     1
Armor: Leather armour    ||    10
Dodge: Dodged            ||    20

Table legend: (Time is in decaauts)
 A = Elapsed time spent in this place.
 B = Non-inter-level travel time spent in this place.
 C = Inter-level travel time spent in this place.
 D = Time resting spent in this place.
 E = Time spent auto-exploring this place.
 F = Levels seen in this place.
 G = Mean time per level.
                   A        B        C        D        E       F      G
               +--------+--------+--------+--------+--------+-----+--------+
         Total |    513 |    513 |      0 |     27 |    353 |   3 |  171.0 |
       Dungeon |    513 |    513 |      0 |     27 |    353 |   3 |  171.0 |
               +--------+--------+--------+--------+--------+-----+--------+

Top non-repeatable levels by time:
     D:2: 321 daAuts
     D:3: 127 daAuts
     D:1: 65 daAuts
